 Dungeon Crawl Stone Soup version 0.14-a0-1388-g200237c (webtiles) character file.

480 PolkaDot the Cutter (level 5, 0/41 HPs)
             Began as a Vampire Death Knight on Dec 9, 2013.
             Was a Priest of Yredelemnul.
             Rotted away (potion of mutation)
             ... on Level 4 of the Dungeon.
             The game lasted 00:12:29 (3092 turns).

PolkaDot the Cutter (Vampire Death Knight)          Turns: 3092, Time: 00:12:29

HP   0/41        AC  7     Str 12      XL: 5   Next: 84%
MP   6/6         EV 13     Int 13      God: Yredelemnul [***...]
Gold 234         SH  0     Dex 14      Spells:  0 memorised,  4 levels left

rFire  . . .     SeeInvis +     a - +1,+2 short sword
rCold  + + .     Clarity  .     f - +2 elf robe {MR+}
rNeg   + + .     Conserve .     (no shield)
rPois  +         rCorr    .     (no helmet)
rElec  .         rRot     +     (no cloak)
SustAb . .       Spirit   .     (no gloves)
rMut   .         Warding  .     i - +2 pair of boots
Saprov . . .     Stasis   .     (no amulet)
                                c - ring of protection from cold {unknown}
                                d - cursed ring of hunger

@: regenerating slowly, somewhat resistant to hostile enchantments, unstealthy
A: fangs 3, see invisible, unbreathing
a: Bat Form, Animate Dead, Recall Undead Slaves, Injury Mirror, Renounce
Religion


You were on level 4 of the Dungeon.
You worshipped Yredelemnul.
Yredelemnul was most pleased with you.
You were thirsty.

You visited 1 branch of the dungeon, and saw 4 of its levels.

You collected 234 gold pieces.

Inventory:

Hand weapons
 a - a +1,+2 short sword (weapon)
Armour
 b - a +0 leather armour
 f - a +2 elven robe of magic resistance (worn)
 i - a +2 pair of boots (worn)
 r - a +2 leather armour of magic resistance
Scrolls
 h - a scroll of magic mapping {unknown}
 j - a scroll of remove curse {unknown}
 k - a scroll of teleportation
 m - a scroll of enchant armour {unknown}
 n - a scroll of enchant weapon II
 p - a scroll of curse jewellery {unknown}
Jewellery
 c - a ring of protection from cold (right hand) {unknown}
 d - a cursed ring of hunger (left hand)
 g - an uncursed ring of protection from magic {unknown}
Potions
 o - a potion of mutation {unknown}


   Skills:
 + Level 3.2 Fighting
 * Level 5.0 Short Blades
 - Level 0.7 Armour
 + Level 3.1 Dodging
 - Level 2.4 Invocations


You had 4 spell levels left.
You didn't know any spells.

Dungeon Overview and Level Annotations

Branches:
Dungeon (4/16)
 Temple: D:4-7

Altars:
Elyvilon
Trog
Zin


Innate Abilities, Weirdness & Mutations

You heal slowly.
You have razor-sharp teeth.*
You have supernaturally acute eyesight.
You can survive without breathing.*


Message History

Something smites you!
* * * LOW HITPOINT WARNING * * *
Drink which item? (? for menu, Esc to quit)
You feel better.
The orc priest hits your scorpion zombie with an orcish flail!
Your scorpion zombie hits the orc priest but does no damage.
Drink which item? (? for menu, Esc to quit)
You feel better.
The orc priest hits your scorpion zombie with an orcish flail.
Your scorpion zombie is destroyed!
The orc priest calls down the wrath of Beogh upon you.
Pain shoots through your body!
* * * LOW HITPOINT WARNING * * *
Drink which item? (? for menu, Esc to quit)
You feel woody for a moment.
It was a potion of lignification.
Drink which item? (? for menu, Esc to quit)
You feel extremely strange.
Your body decomposes!
You die...
Yredelemnul claims you as an undead slave.

###.##.........# #.# #..
#.........%..# #.# #..
####z........# #.# ###
#....z.z..# #.# ########.## #.#
#############.#####.#############
...............z.................
##.....######)#####.#############
#..............@o...........>...
#.....######.#####.########.####
####### #.# #.# #..# #.# #.#
##.## #%# #.# #...# #.# #.# #.♣.#
### #.# #.# #...# .(# #.# #.#
##.### ..###########.# .o. #.#..


You could see an orc priest.

Vanquished Creatures
  A scorpion (D:4)
  A hound (D:4)
  A worker ant (D:4)
  Terence (D:3)
  4 adders
  A giant mite (D:3)
  2 worms (D:3)
  4 orcs
  6 bats
  8 giant cockroaches
  11 hobgoblins
  3 ball pythons
  3 giant geckos
  6 giant newts
  8 goblins
  4 kobolds
  An orc zombie (D:4)
  2 quokkas
  8 rats
75 creatures vanquished.

Vanquished Creatures (collateral kills)
  A jelly (D:4)
  A worm (D:4)
  An ooze (D:3)
  4 orcs
  A bat (D:4)
  A giant newt (D:3)
  A goblin (D:3)
10 creatures vanquished.

Vanquished Creatures (others)
  A worm zombie (D:3)
  A scorpion zombie (D:4)
  2 giant cockroach zombies (D:4)
  2 giant newt skeletons
  A kobold zombie (D:3)
  An orc zombie (D:3)
  A rat skeleton (D:3)
9 creatures vanquished.

Grand Total: 94 creatures vanquished

Notes
Turn   | Place    | Note
--------------------------------------------------------------
     0 | D:1      | PolkaDot, the Vampire Death Knight, began the quest for the Orb.
     0 | D:1      | Reached XP level 1. HP: 16/16 MP: 1/1
   286 | D:1      | Reached XP level 2. HP: 13/22 MP: 2/2
   957 | D:2      | Reached skill level 3 in Short Blades
   957 | D:2      | Reached XP level 3. HP: 17/28 MP: 4/4
   962 | D:2      | Acquired Yredelemnul's second power
  1629 | D:3      | Reached XP level 4. HP: 27/34 MP: 5/5
  1729 | D:3      | Noticed Terence
  1738 | D:3      | Killed Terence
  1844 | D:3      | Reached skill level 4 in Short Blades
  2611 | D:4      | Reached XP level 5. HP: 30/40 MP: 6/6
  2618 | D:4      | Found a white marble altar of Elyvilon.
  2668 | D:4      | Acquired Yredelemnul's third power
  2931 | D:4      | Found a bloodstained altar of Trog.
  2933 | D:4      | Found a glowing silver altar of Zin.
  3049 | D:4      | Reached skill level 5 in Short Blades
  3087 | D:4      | HP: 2/41 [orc priest/divine providence (12)]
  3092 | D:4      | Rotted away (potion of mutation)

Action                   |  1- 3 |  4- 6 || total
-------------------------+-------+-------++-------
Melee: Short sword       |   142 |   154 ||   296
Invok: Animate Remains   |     3 |    13 ||    16
       Recall Undead Sla |     1 |       ||     1
       Animate Dead      |       |     4 ||     4
  Use: Potion            |     3 |     6 ||     9
       Scroll            |     4 |     2 ||     6
 Stab: Sleeping          |       |     1 ||     1
